 Dungeon Crawl Stone Soup version 0.14.0-17-gc0b17a5 (webtiles) character file.

4645 Kejsarherre the Frost Mage (level 10, -1/56 HPs)
             Began as an Octopode Ice Elementalist on Apr 18, 2014.
             Was a Follower of Kikubaaqudgha.
             Slain by a troll (10 damage)
             ... on Level 10 of the Dungeon.
             The game lasted 00:31:37 (6671 turns).

Kejsarherre the Frost Mage (OpIE)                   Turns: 6671, Time: 00:31:39

HP  -1/56        AC 10     Str  7      XL: 10   Next: 31%
MP   7/21        EV 12     Int 21      God: Kikubaaqudgha [*.....]
Gold 368         SH  0     Dex 13      Spells:  4 memorised,  7 levels left

rFire  . . .     SeeInvis .     l - +0,+4 dagger (chaos)
rCold  . . .     Clarity  +     (no shield)
rNeg   . . .     Conserve .     a - +2 hat
rPois  .         rCorr    .     (no amulet)
rElec  .         rRot     .     r - ring of regeneration
SustAb . .       Spirit   .     (no ring)
rMut   .         Warding  .     (no ring)
Saprov . . .     Stasis   .     (no ring)
MR     .....                    (no ring)
                                (no ring)
                                (no ring)
                                (no ring)

@: icy armour, not resistant to hostile enchantments, quite stealthy
A: almost no armour, amphibious, 8 rings, constrict 8, camouflage 1, clarity,
gelatinous body 1
a: Receive Corpses, Renounce Religion


You were on level 10 of the Dungeon.
You worshipped Kikubaaqudgha.
Kikubaaqudgha was aware of your devotion.
You were hungry.

You visited 2 branches of the dungeon, and saw 11 of its levels.

You collected 368 gold pieces.

Inventory:

Hand weapons
 d - a +1,+1 dagger
 l - a +0,+4 dagger of chaos (weapon)
Armour
 a - a +2 hat (worn)
Magical devices
 y - a wand of confusion (17)
Comestibles
 c - 3 bread rations
 p - 5 meat rations
 D - an apple
Scrolls
 k - 5 scrolls of teleportation
 q - a scroll of enchant weapon II
 v - 2 scrolls of amnesia
 x - 4 scrolls of fog
 A - 4 scrolls of remove curse
Jewellery
 r - a ring of regeneration (left tentacle)
Potions
 e - 2 potions of magic
 f - 3 potions of curing
 g - 2 potions of haste {unknown}
 h - a potion of agility
 i - 2 potions of resistance
 m - 4 potions of heal wounds {unknown}
 t - a potion of mutation {unknown}
 u - 3 potions of brilliance {unknown}
 w - 2 potions of paralysis {unknown}
 z - 2 potions of flight {unknown}
 C - a potion of invisibility {unknown}
Books
 b - a book of Frost

   Spells                             Type                      Level
   *Freeze                            Ice                          1
   *Throw Frost                       Conjuration/Ice              2
   *Ozocubu's Armour                  Charms/Ice                   3
   *Throw Icicle                      Conjuration/Ice              4
   Summon Ice Beast                   Ice/Summoning                4
   Condensation Shield                Ice                          4
 j - a book of the Warp

   Spells                             Type                      Level
   Control Teleport                   Charms/Translocation         4
   Phase Shift                        Translocation                5
   Warp Weapon                        Charms/Translocation         5
   Summon Forest                      Summoning/Translocation      5
   Dispersal                          Translocation                6
   Controlled Blink                   Translocation                7
   Disjunction                        Translocation                8
 n - Kikubaaqudgha's Almanac of Sinister Rites
   (Kikubaaqudgha gifted it to you on level 8 of the Dungeon)

   Spells                             Type                      Level
   Pain                               Necromancy                   1
   Lethal Infusion                    Charms/Necromancy            2
   Corpse Rot                         Necromancy                   2
   Vampiric Draining                  Necromancy                   3
   Control Undead                     Necromancy                   4


   Skills:
 - Level 2.0 Dodging
 - Level 2.6 Stealth
 + Level 4.3 Spellcasting
 + Level 9.1 Conjurations
 + Level 3.3 Necromancy
 + Level 10.5 Ice Magic


You had 7 spell levels left.
You knew the following spells:

 Your Spells              Type           Power        Failure   Level  Hunger
a - Freeze                Ice            ####         1%          1    None
b - Throw Frost           Conj/Ice       #####.       1%          2    #......
c - Ozocubu's Armour      Chrm/Ice       ####......   4%          3    ###....
d - Throw Icicle          Conj/Ice       #####...     2%          4    ####...


Dungeon Overview and Level Annotations

Branches:
Dungeon (10/15)            Temple (1/1) D:4
    Orc: D:9-12        Lair: D:8-11

Altars:
Ashenzari
Cheibriados
Dithmenos
Elyvilon
Fedhas
Kikubaaqudgha
Makhleb
Nemelex Xobeh
Okawaru
Sif Muna
Trog
Vehumet
Xom
Yredelemnul
Zin

Annotations:
D:7 oplop's ghost, experienced MiFi


Innate Abilities, Weirdness & Mutations

You cannot wear most types of armour.
You are amphibious.
You can wear up to eight rings at the same time.
You can use your tentacles to constrict many enemies at once.
Your skin changes colour to match your surroundings (Stlth).
Your rubbery body absorbs attacks (AC +1).
You possess an exceptional clarity of mind.


Message History

The troll claws you but does no damage.
Casting: Freeze
Confirm with . or Enter, or press ? or * to list all spells.
Aiming: Freeze
Press: ? - help, Shift-Dir - straight line, f/p - troll
Aim: a troll (heavily wounded)
You freeze the troll.
The troll is severely wounded.
Casting: Freeze
Confirm with . or Enter, or press ? or * to list all spells.
Aiming: Freeze
Press: ? - help, Shift-Dir - straight line, f/p - troll
Aim: a troll (severely wounded)
You freeze the troll.
The troll is severely wounded.
The troll bites you! The troll claws you!
* * * LOW HITPOINT WARNING * * *
The troll claws you!
You die...
Kikubaaqudgha rasps: "You have failed me!
Welcome... death!"

### ..## #...
#..# ###..#
#...@#
.....)...Tl....#
≈≈≈≈≈≈≈≈≈≈≈≈8o.
≈≈≈≈≈≈≈≈≈≈≈8≈.#
#########+%≈≈..
.≈≈. ≈≈ .


You could see a troll, an orc warrior and an iguana.

Vanquished Creatures
  A hill giant (D:9)
  Psyche (D:8)
  Prince Ribbit (D:9)
  3 yaks (D:9)
  A hippogriff (D:8)
  A hungry ghost (D:6)
  Edmund (D:5)
  A water moccasin (D:7)
  4 ice beasts
  4 ogres
  Duvessa (D:8)
  4 giant frogs
  3 scorpions
  A goliath beetle (D:5)
  Dowan (D:8)
  6 crimson imps
  A centaur zombie (D:5)
  A giant frog zombie (D:6)
  3 hounds
  5 jellies
  2 orc priests
  2 orc wizards
  3 iguanas
  Natasha (D:3)
  5 worker ants
  Ijyb (D:6)
  13 adders
  A shadow imp (D:5)
  A worm zombie (D:6)
  A giant mite (D:3)
  2 worms
  A goliath beetle zombie (D:5)
  A giant eyeball (D:8)
  2 giant geckos
  14 orcs
  3 ball pythons
  8 giant cockroaches
  12 goblins
  13 hobgoblins
  8 jackals
  4 quokkas
  10 bats
  A giant gecko zombie (D:6)
  4 giant newts
  A giant spore (D:6)
  17 kobolds
  12 rats
  3 ballistomycetes (D:6)
190 creatures vanquished.

Notes
Turn   | Place    | Note
--------------------------------------------------------------
     0 | D:1      | Kejsarherre, the Octopode Ice Elementalist, began the quest for the Orb.
     0 | D:1      | Reached XP level 1. HP: 11/11 MP: 3/3
   224 | D:1      | Reached XP level 2. HP: 1/17 MP: 0/5
   642 | D:1      | Learned a level 2 spell: Throw Frost
   769 | D:2      | Reached XP level 3. HP: 18/21 MP: 2/7
   900 | D:2      | Learned a level 3 spell: Ozocubu's Armour
  1273 | D:2      | Reached skill level 4 in Ice Magic
  1273 | D:2      | Reached XP level 4. HP: 11/27 MP: 1/9
  1482 | D:3      | Noticed Natasha
  1977 | D:3      | Reached skill level 5 in Ice Magic
  1977 | D:3      | Reached XP level 5. HP: 12/31 MP: 6/11
  2072 | D:3      | Killed Natasha
  2208 | D:4      | Noticed an ogre
  2226 | D:4      | Learned a level 4 spell: Throw Icicle
  2241 | D:4      | Found a staircase to the Ecumenical Temple.
  2264 | Temple   | Entered the Ecumenical Temple
  2288 | Temple   | Noticed a giant goldfish
  2461 | D:4      | Reached XP level 6. HP: 25/36 MP: 1/12
  2669 | D:4      | Noticed an ogre
  2742 | D:4      | Killed an ogre
  2742 | D:4      | Reached skill level 6 in Ice Magic
  3101 | D:5      | Entered Level 5 of the Dungeon
  3108 | D:5      | Reached XP level 7. HP: 41/41 MP: 9/14
  3187 | D:5      | Found a shimmering altar of Xom.
  3329 | D:5      | Reached skill level 7 in Ice Magic
  3612 | D:5      | Reached skill level 5 in Conjurations
  3612 | D:5      | Reached XP level 8. HP: 46/46 MP: 11/16
  3641 | D:5      | Noticed Edmund
  3670 | D:5      | Killed Edmund
  4156 | D:6      | Found a blossoming altar of Fedhas.
  4167 | D:6      | Found an ancient bone altar of Kikubaaqudgha.
  4184 | D:6      | Became a worshipper of Kikubaaqudgha
  4193 | D:6      | Found a sparkling altar of Nemelex Xobeh.
  4235 | D:6      | Reached skill level 8 in Ice Magic
  4312 | D:6      | Noticed Ijyb
  4327 | D:6      | Killed Ijyb
  4459 | D:7      | Noticed oplop's ghost (experienced MiFi)
  4465 | D:6      | Upgraded the game from 0.14.0-15-g6b16f67 to 0.14.0-17-gc0b17a5
  4892 | D:6      | Reached XP level 9. HP: 46/51 MP: 2/17
  4980 | D:8      | Reached skill level 9 in Ice Magic
  5101 | D:8      | Paralysed by a giant eyeball for 2 turns
  5105 | D:8      | Paralysed by a giant eyeball for 2 turns
  5548 | D:8      | Noticed Psyche
  5575 | D:8      | Killed Psyche
  5659 | D:8      | Acquired Kikubaaqudgha's first power
  5659 | D:8      | Received a gift from Kikubaaqudgha
  5662 | D:8      | Identified Kikubaaqudgha's Almanac of Sinister Rites (Kikubaaqudgha gifted it to you on level 8 of the Dungeon)
  5750 | D:8      | Reached skill level 10 in Ice Magic
  5793 | D:8      | Found a shimmering altar of Xom.
  5920 | D:9      | Noticed Duvessa
  5920 | D:9      | Noticed Dowan
  5931 | D:8      | Killed Duvessa
  5933 | D:8      | Killed Dowan
  5986 | D:9      | Noticed Prince Ribbit
  5995 | D:9      | Killed Prince Ribbit
  5995 | D:9      | Reached skill level 1 in Necromancy
  6073 | D:9      | Noticed Eustachio
  6080 | D:9      | Noticed Eustachio
  6080 | D:9      | Eustachio changed into Eustachio the ice beast
  6167 | D:9      | Killed Eustachio the ice beast
  6168 | D:9      | Gained mutation: You possess an exceptional clarity of mind. [potion of beneficial mutation]
  6232 | D:9      | Reached XP level 10. HP: 37/56 MP: 6/20
  6438 | D:9      | Noticed a hill giant
  6507 | D:9      | HP: 3/84 [hill giant/giant spiked club (8)]
  6508 | D:9      | Killed a hill giant
  6660 | D:10     | Entered Level 10 of the Dungeon
  6671 | D:10     | Slain by a troll

Action                   |  1- 3 |  4- 6 |  7- 9 | 10-12 || total
-------------------------+-------+-------+-------+-------++-------
Melee: Unarmed           |     3 |       |       |       ||     3
       Dagger            |    51 |   137 |   373 |    32 ||   593
 Cast: Freeze            |    21 |    37 |    49 |    17 ||   124
       Throw Frost       |     6 |    19 |    45 |     5 ||    75
       Ozocubu's Armour  |     1 |     3 |    24 |     4 ||    32
       Throw Icicle      |       |       |    19 |     3 ||    22
Evoke: Wand              |       |       |     1 |     4 ||     5
  Use: Scroll            |       |     6 |    11 |     2 ||    19
       Potion            |       |       |     4 |     1 ||     5
 Stab: Sleeping          |    10 |     5 |     9 |       ||    24
       Paralysed         |       |       |     1 |       ||     1
       Confused          |       |       |       |     1 ||     1
